 Dungeon Crawl Stone Soup version 0.23-a0-269-g65e0026 (webtiles) character file.

10926 Megalobster the Demolition Dwarf (level 11, -14/99 HPs)
             Began as a Deep Dwarf Fighter on Sept 30, 2018.
             Was an Elder of Makhleb.
             Demolished by a white ugly thing (30 damage)
             ... on level 11 of the Dungeon.
             The game lasted 00:33:00 (8909 turns).

Megalobster the Demolition Dwarf (DDFi)             Turns: 8909, Time: 00:33:01

Health: -14/99     AC:  5    Str: 25    XL:     11   Next: 42%
Magic:  17/17      EV: 13    Int:  9    God:    Makhleb [****..]
Gold:   502        SH: 11    Dex: 12    Spells: 10/10 levels left

rFire    . . .     SeeInvis .   M - +2 hand axe (flame)
rCold    . . .     Gourm    .   c - +0 shield
rNeg     . . .     Faith    .   I - +0 ring mail {rPois}
rPois    +         Spirit   .   (no helmet)
rElec    .         Reflect  .   N - +0 cloak
rCorr    .         Harm     .   u - +0 pair of gloves
MR       +....                  (no boots)
Stlth    +.........             (no amulet)
HPRegen  0.00/turn              S - +2 ring of strength
MPRegen  0.15/turn              B - +4 ring of evasion

@: corroded, non-regenerating, slowed, very slow
A: damage resistance, heal wounds, sense surroundings 2, no regeneration
a: Heal Wounds, Minor Destruction, Lesser Servant of Makhleb, Major Destruction,
Renounce Religion


You were on level 11 of the Dungeon.
You worshipped Makhleb.
Makhleb was greatly pleased with you.
You were not hungry.

You visited 1 branch of the dungeon, and saw 11 of its levels.

You collected 723 gold pieces.
You spent 221 gold pieces at shops.

Inventory:

Hand Weapons
 a - a +0 war axe
 d - a +2 whip of freezing
 n - a +0 hunting sling
 s - a +0 hunting sling of flaming
 F - a +0 flail of crushing
 M - a +2 hand axe of flaming (weapon)
 X - a +0 war axe of chopping
Missiles
 p - 46 sling bullets
 r - 222 stones (quivered)
 U - 5 tomahawks
 W - a throwing net {!f}
Armour
 c - a +0 shield (worn)
 h - the +0 chain mail of Reason {rN+ MR- rCorr}
   (You found it on level 8 of the Dungeon)

   It protects you from negative energy.
   It affects your resistance to hostile enchantments.
   It provides partial protection from all sources of acid and corrosion.
 u - a +0 pair of gloves (worn)
 E - a +4 ring mail of cold resistance
 I - a +0 ring mail of poison resistance (worn)
 N - a +0 cloak (worn)
Jewellery
 o - an uncursed ring of fire
 B - a +4 ring of evasion (right hand)
 P - an uncursed ring of positive energy
 S - a +2 ring of strength (left hand)
Wands
 b - a wand of acid (6)
 e - a wand of flame (21)
 J - a wand of polymorph (5)
 K - a wand of iceblast (9)
 Q - a wand of paralysis (12)
Scrolls
 g - 2 scrolls of blinking
 q - 5 scrolls of remove curse {@r2}
 v - a scroll of noise {unknown}
 x - 8 scrolls of teleportation
 y - 3 scrolls of amnesia
 A - a scroll of fog
 G - 3 scrolls of random uselessness
 H - a scroll of magic mapping {unknown}
 O - 2 scrolls of immolation
 R - 2 scrolls of enchant weapon
 T - a scroll of enchant armour {unknown}
 V - a scroll of vulnerability {unknown}
Potions
 i - 4 potions of flight
 j - 2 potions of invisibility
 k - 4 potions of curing {@q1}
 l - a potion of magic
 m - 4 potions of cancellation
 t - a potion of degeneration {unknown}
 w - 4 potions of heal wounds
 z - a potion of lignification
 C - a potion of berserk rage
 D - 4 potions of brilliance
 L - 2 potions of haste
Comestibles
 f - 10 rations


   Skills:
 + Level 6.9 Fighting
 * Level 11.1 Axes
 + Level 8.2 Armour
 + Level 8.3 Shields
 - Level 12.0 Invocations


You had 10 spell levels left.
You didn't know any spells.
Your spell library contained the following spells:

 Spells                   Type           Power        Failure   Level  Hunger
 Animate Skeleton         Necr           N/A          80%         1    ##.....
 Pain                     Necr           #...         80%         1    ##.....
 Vampiric Draining        Necr           #.........   99%         3    ####...
 Animate Dead             Necr           N/A          100%        4    #####..
 Regeneration             Chrm/Necr      Unusable     N/A         3    N/A

Dungeon Overview and Level Annotations

Branches:
Dungeon (11/15)            Temple (0/1) D:4             Orc (0/2) D:9
   Lair: D:8-11

Altars:
Ashenzari
Dithmenos
Fedhas
Gozag
Hepliaklqana
Makhleb
Okawaru
Sif Muna
Trog
Vehumet
Wu Jian
Xom
The Shining One

Shops:
D:9 !


Innate Abilities, Weirdness & Mutations

You are resistant to damage.
You can heal yourself by infusing magical energy.
You passively map the area around you.
You do not regenerate.


Message History

a dagger; a robe You closely miss the white ugly thing.
The white ugly thing bites you. The white ugly thing freezes you!!
Your hellwing hits the white ugly thing!
Your hellwing hits the white ugly thing but does no damage.
The white ugly thing barely misses you.
You take 24 damage, and have 39/99 hp.
MASSIVE DAMAGE!!
You hit the white ugly thing but do no damage.
The white ugly thing is lightly wounded.
Your hellwing hits the white ugly thing. x2
The white ugly thing bites you. The white ugly thing freezes you!!
* * * LOW HITPOINT WARNING * * *
You take 26 damage, and have 13/99 hp.
MASSIVE DAMAGE!!
You feel much better.
Your hellwing hits the white ugly thing!
Your hellwing hits the white ugly thing.
The white ugly thing bites you!
* * * LOW HITPOINT WARNING * * *
The white ugly thing freezes you!!
You die...

, , , , , , ,, ,,, , , ,
, , , , , , * * * ,, ,,
# ,, ,.# * ** * #.#
###### ######...##
.....# ####.........#
.....######..'..@u....(#
.....'......##...4.....#
.....#########.........#
.....# #......=..#
.....# #......$.)#
.....# #.........#
.....# ##+########
.....# * * ##.### ,,,


You could see a white ugly thing and a friendly hellwing.

Vanquished Creatures
  Josephine (D:11)
  An unseen horror (D:10)
  Pikel (D:4)
  Joseph (D:9)
  A hornet (D:9)
  A troll (D:9)
  2 hippogriffs
  A wraith (D:11)
  3 yaks (D:10)
  A human (D:7)
  2 hungry ghosts
  4 hogs (D:7)
  Duvessa (D:5)
  6 orc warriors
  2 sky beasts
  2 slaves (D:4)
  A hornet zombie (D:7)
  An ice beast (D:5)
  A phantom (D:6)
  8 ogres
  2 centaurs (D:8)
  4 big kobolds
  3 bullfrogs
  A gnoll sergeant (D:9)
  A wyvern zombie (D:6)
  2 scorpions (D:8)
  Dowan (D:5)
  A water moccasin skeleton (D:9)
  3 killer bees (D:10)
  6 wights
  6 howler monkeys
  2 crimson imps
  A bullfrog zombie (D:10)
  3 hounds
  6 jellies
  6 orc priests
  5 orc wizards
  Ijyb (D:5)
  5 iguanas
  2 worker ants
  A hound zombie (D:8)
  A hound skeleton (D:8)
  A howler monkey zombie (D:6)
  A worker ant zombie (D:9)
  8 gnolls
  4 adders
  A howler monkey skeleton (D:4)
  2 shadow imps
  2 oozes (D:3)
  4 adder skeletons
  2 adder zombies
  A worm (D:6)
  2 dart slugs (D:2)
  5 leopard geckos
  23 orcs
  9 bats
  2 giant cockroaches
  4 goblins
  10 hobgoblins
  16 jackals
  A quokka (D:9)
  4 frilled lizards
  13 kobolds
  A leopard gecko skeleton (D:5)
  5 rats
225 creatures vanquished.

Vanquished Creatures (collateral kills)
  Snorg (D:10)
  A two-headed ogre (D:8)
  An unseen horror (D:10)
  Maurice (D:8)
  2 wraiths (D:11)
  6 yaks (D:10)
  A wyvern (D:10)
  A hungry ghost (D:10)
  2 ogres
  A bullfrog (D:10)
  3 killer bees (D:10)
  A crimson imp (D:10)
  An orc wizard (D:9)
  An iguana (D:10)
  2 worker ants
  2 gnolls (D:9)
  An orc (D:9)
  A quokka (D:10)
29 creatures vanquished.

Vanquished Creatures (others)
  A slave (D:5)
1 creature vanquished.

Grand Total: 255 creatures vanquished

Notes
Turn   | Place    | Note
-------+----------+-------------------------------------------
     0 | D:1      | Megalobster the Deep Dwarf Fighter began the quest for the
                  | Orb.
     0 | D:1      | Reached XP level 1. HP: 20/20 MP: 1/1
   419 | D:1      | Reached XP level 2. HP: 18/27 MP: 2/2
   897 | D:2      | Found an ornate altar of the Wu Jian Council.
   961 | D:2      | Found a deep blue altar of Sif Muna.
   991 | D:2      | Found a blossoming altar of Fedhas.
  1005 | D:2      | Found a burning altar of Makhleb.
  1015 | D:2      | Became a worshipper of Makhleb the Destroyer
  1227 | D:2      | Found a radiant altar of Vehumet.
  1256 | D:2      | Reached XP level 3. HP: 18/33 MP: 3/3
  1531 | D:2      | Reached skill level 1 in Invocations
  1554 | D:2      | Found an opulent altar of Gozag.
  1752 | D:3      | Found a hazy altar of Hepliaklqana.
  1996 | D:3      | Reached * piety under Makhleb
  1996 | D:3      | Reached XP level 4. HP: 19/40 MP: 4/4
  2003 | D:3      | Reached skill level 2 in Invocations
  2262 | D:3      | Reached XP level 5. HP: 30/49 MP: 5/5
  2679 | D:4      | Reached skill level 3 in Invocations
  2736 | D:4      | Found a glowing golden altar of the Shining One.
  2736 | D:4      | Found a shattered altar of Ashenzari.
  2920 | D:4      | Reached XP level 6. HP: 28/56 MP: 7/7
  2975 | D:4      | Reached skill level 5 in Axes
  3097 | D:4      | Reached skill level 4 in Invocations
  3221 | D:4      | Reached ** piety under Makhleb
  3392 | D:4      | Found a staircase to the Ecumenical Temple.
  3506 | D:5      | Entered Level 5 of the Dungeon
  3520 | D:5      | Noticed a slave
  3520 | D:5      | Noticed a slave
  3543 | D:4      | Killed a slave
  3570 | D:4      | Killed a slave
  3576 | D:5      | Noticed Pikel
  3583 | D:5      | Noticed a slave
  3619 | D:4      | Killed Pikel
  3619 | D:4      | Reached skill level 5 in Invocations
  3619 | D:4      | Reached XP level 7. HP: 34/64 MP: 8/10
  3645 | D:5      | Found an opulent altar of Gozag.
  3715 | D:5      | Noticed Dowan
  3743 | D:5      | Noticed Duvessa
  3754 | D:5      | Killed Dowan
  3775 | D:5      | Killed Duvessa
  3775 | D:5      | Reached skill level 6 in Invocations
  3775 | D:5      | Reached XP level 8. HP: 61/72 MP: 11/11
  3829 | D:5      | Noticed Ijyb
  3845 | D:5      | Killed Ijyb
  3845 | D:5      | Reached skill level 5 in Shields
  4000 | D:5      | Reached skill level 5 in Armour
  4528 | D:5      | Reached skill level 7 in Invocations
  4779 | D:6      | Gained mutation: You passively map the area around you.
                  | [Deep Dwarf growth]
  4779 | D:6      | Reached XP level 9. HP: 54/80 MP: 13/13
  4814 | D:6      | Reached *** piety under Makhleb
  5027 | D:6      | Reached skill level 8 in Invocations
  5203 | D:6      | Found a shadowy altar of Dithmenos.
  5518 | D:7      | Found a shimmering altar of Xom.
  5521 | D:7      | Found a shimmering altar of Xom.
  5522 | D:7      | Found a shimmering altar of Xom.
  5523 | D:7      | Found a shimmering altar of Xom.
  5526 | D:7      | Found a shimmering altar of Xom.
  5530 | D:7      | Found a shimmering altar of Xom.
  5586 | D:7      | Reached skill level 5 in Fighting
  5634 | D:7      | Noticed a black mamba
  5634 | D:7      | a scorpion changed into a black mamba
  5709 | D:7      | Noticed a sea snake
  5719 | D:7      | Reached skill level 9 in Invocations
  5862 | D:7      | Noticed an orb spider
  6138 | D:8      | Noticed a two-headed ogre
  6271 | D:8      | Found an iron altar of Okawaru.
  6280 | D:8      | Got a shimmering chain mail
  6319 | D:8      | Identified the cursed +0 chain mail of Reason {rN+ MR-
                  | rCorr} (You found it on level 8 of the Dungeon)
  6567 | D:8      | Reached **** piety under Makhleb
  6584 | D:8      | Found a bloodstained altar of Trog.
  6616 | D:8      | Reached XP level 10. HP: 78/88 MP: 16/16
  6621 | D:8      | Killed a two-headed ogre
  6621 | D:8      | Reached skill level 10 in Invocations
  6661 | D:8      | Noticed Maurice
  6668 | D:8      | Killed Maurice
  6705 | D:9      | Noticed Joseph
  6758 | D:9      | Killed Joseph
  6927 | D:9      | You fall through a shaft!
  6927 | D:10     | Entered Level 10 of the Dungeon
  6968 | D:10     | Killed an unseen horror
  6968 | D:10     | Reached skill level 10 in Axes
  7034 | D:10     | Reached skill level 11 in Invocations
  7266 | D:9      | Paralysed by a hornet for 2 turns
  7567 | D:9      | Found a staircase to the Orcish Mines.
  7594 | D:9      | Reached XP level 11. HP: 74/99 MP: 18/18
  7730 | D:9      | Found Beneh's Distillery.
  7733 | D:9      | Bought a potion of berserk rage for 85 gold pieces
  7733 | D:9      | Bought a potion of invisibility for 136 gold pieces
  8195 | D:10     | Killed an unseen horror
  8353 | D:10     | Noticed Snorg
  8368 | D:10     | Killed Snorg
  8856 | D:11     | Reached skill level 12 in Invocations
  8881 | D:11     | Noticed Josephine
  8889 | D:11     | Killed Josephine
  8902 | D:11     | Noticed a white ugly thing
  8909 | D:11     | Demolished by a white ugly thing

Vault maps used:
D:1:      nzn_arrival_depleted_hourglass
D:2:      lemuel_crystal_altar, nicolae_overflow_hidden_temple,
          lemuel_round_altar, bloody_makhleb, lemuel_coloured_pillars_altar,
          fedhas_altar_2
D:3:      lemuel_crystal_altar
D:4:      gammafunk_temple_overflow_wave, minmay_temple_entry_trees,
          first_ration, serial_bayou_pond_e
D:5:      nicolae_gozag_seed_capital, uniq_ijyb, uniq_pikel, uniq_duvessa
D:6:      lemuel_doored_altar
D:7:      xom_shifter_show, grunt_livestock
D:8:      okawaru_gym_becter, marbit_many_paths, uniq_maurice
D:9:      kennysheep_orc_monster_closet_entryway, serial_shops, shop,
          uniq_joseph
D:10:     st_stairs_8, kennysheep_cross_bottleneck, uniq_snorg
D:11:     grunt_lair_entry_orc_guard_hut, uniq_josephine

Skill      XL: |  1  2  3  4  5  6  7  8  9 10 11 |
---------------+----------------------------------+-----
Axes           | 3 4 6 7 9 10 11 | 11.1
Invocations    | 1 2 3 5 6 7 9 11 12 | 12.0
Fighting       | 3 4 5 6 |  6.9
Armour         | 4 5 6 7 8 |  8.2
Shields        | 4 5 6 7 8 |  8.3

Action                   |  1- 3 |  4- 6 |  7- 9 | 10-12 || total
-------------------------+-------+-------+-------+-------++-------
Melee: War axe           |   162 |   208 |    46 |       ||   416
       Unarmed           |       |       |    27 |       ||    27
       Hand axe          |       |       |   284 |   323 ||   607
Throw: Stone             |       |     2 |     2 |     2 ||     6
Invok: Minor Destruction |       |       |    28 |    11 ||    39
       Lesser Servant of |       |       |     2 |    11 ||    13
 Abil: Heal Wounds       |     1 |     6 |     3 |    12 ||    22
  Use: Potion            |       |     1 |     2 |     2 ||     5
       Scroll            |       |       |    13 |     5 ||    18
 Stab: Distracted        |       |       |       |     9 ||     9
  Eat: Chunk             |     4 |     2 |     8 |     5 ||    19
       Ration            |       |     1 |     1 |     1 ||     3
Armor: Scale mail        |    91 |    79 |     1 |       ||   171
       Skin              |       |       |     1 |    24 ||    25
       Ring mail         |       |       |    69 |    80 ||   149
Dodge: Dodged            |    89 |   118 |   159 |   134 ||   500
Block: Shield            |    21 |       |       |   174 ||   195
       Buckler           |    26 |    47 |    59 |     1 ||   133

Table legend:
 A = Non-vault XP
 B = Vault XP
 C = Vault XP percentage of total XP
 D = Non-vault monster count
 E = Vault monster count
 F = Vault count percentage of total count
                 A         B        C        D         E       F
            +---------+---------+-------+---------+---------+-------
      Total |    9828 |    5781 |  37.0 |     215 |      37 |  14.7
            +---------+---------+-------+---------+---------+-------
        D:1 |      17 |       0 |   0.0 |      12 |       0 |   0.0
        D:2 |      52 |       0 |   0.0 |      20 |       0 |   0.0
        D:3 |     132 |       0 |   0.0 |      28 |       0 |   0.0
        D:4 |     495 |     629 |  56.0 |      19 |       1 |   5.0
        D:5 |     509 |     252 |  33.1 |      17 |       3 |  15.0
        D:6 |     864 |       0 |   0.0 |      20 |       0 |   0.0
        D:7 |     647 |     994 |  60.6 |      12 |       5 |  29.4
        D:8 |    1810 |     375 |  17.2 |      28 |       1 |   3.4
        D:9 |    1355 |    1405 |  50.9 |      22 |      21 |  48.8
       D:10 |    3715 |    1069 |  22.3 |      35 |       2 |   5.4
       D:11 |     232 |    1057 |  82.0 |       2 |       4 |  66.7
            +---------+---------+-------+---------+---------+-------
